 Dungeon Crawl Stone Soup version 0.29.1-1-gd02db6906a (webtiles) character file.

Game seed: 12899754227978223051

70 safid the Shooter (level 4, 0/38 HPs)
             Began as a Minotaur Hunter on Oct 19, 2022.
             Slain by a gnoll bouda
             ... wielding a +0 whip
              (8 damage)
             ... on level 1 of the Dungeon.
             The game lasted 00:02:34 (1706 turns).

safid the Shooter (Minotaur Hunter)                 Turns: 1706, Time: 00:02:34

Health: 0/38       AC:  7    Str: 15    XL:     4   Next: 3%
Magic:  3/3        EV: 10    Int:  6    God:
Gold:   76         SH:  0    Dex: 16    Spells: 3/3 levels left

rFire   . . .      SeeInvis .   a - +0 shortbow
rCold   . . .      Faith    .   (shield currently unavailable)
rNeg    . . .      Spirit   .   j - +0 scale mail
rPois   .          Reflect  .   (helmet restricted)
rElec   .          Harm     .   (no cloak)
rCorr   .          Rampage  .   l - +0 pair of gloves
Will    .....                   (no boots)
Stlth   ..........              (no amulet)
HPRegen 0.12/turn               (no ring)
MPRegen 0.08/turn               (no ring)

@: no status effects
A: horns 2, retaliatory headbutt
a: no special abilities


You were on level 1 of the Dungeon.
You visited 1 branch of the dungeon, and saw 2 of its levels.

You collected 76 gold pieces.

Inventory:

Hand Weapons
 a - a +0 shortbow (weapon)
Armour
 j - a +0 scale mail (worn)
 l - a +0 pair of gloves (worn)
Scrolls
 b - a scroll of summoning {unknown}
 c - 2 scrolls of fog {unknown}
 d - a scroll of fear {unknown}
 e - a scroll of amnesia {unknown}
 f - a scroll of blinking {unknown}
 i - 3 scrolls of identify {unknown}
 k - a scroll of silence {unknown}
Potions
 g - a potion of mutation {unknown}
 h - 2 potions of flight {unknown}


   Skills:
 - Level 3.0 Fighting
 + Level 6.0 Ranged Weapons
 - Level 2.1 Dodging
 - Level 0.7 Stealth


You had 3 spell levels left.
You didn't know any spells.
Your spell library was empty.

Dungeon Overview and Level Annotations

Branches:
Dungeon (2/15)

Altars:


Innate Abilities, Weirdness & Mutations

You have a pair of horns on your head.
You reflexively headbutt those who attack you in melee.


Message History

You have reached level 4!
You feel agile.
The gnoll bouda barks out a call to the hunt!
The gnoll picks up the pace!
You climb upwards.
There is a stone staircase leading down here.
You shoot an arrow. The arrow hits the gnoll bouda.
The gnoll bouda is moderately wounded.
Your attacks no longer feel as feeble.
The gnoll bouda hits you with a +0 whip.
The gnoll bouda hits you with a +0 whip!
You shoot an arrow. The arrow hits the gnoll bouda.
The gnoll bouda is heavily wounded.
The gnoll bouda hits you with a +0 whip.
You are too injured to fight recklessly!
You are too injured to fight recklessly!
You are too injured to fight recklessly!
You are too injured to fight recklessly!
Fire: a) +0 shortbow
Press: ? - help, Q - select action Shift-Dir - straight line, f/p - gnoll bouda
Aim: a gnoll bouda, wielding a +0 whip and wearing a +0 robe (heavily wounded, 68% to hit)
You shoot an arrow. The arrow hits the gnoll bouda.
The gnoll bouda is heavily wounded.
The gnoll bouda hits you with a +0 whip.
Fire: a) +0 shortbow
Press: ? - help, Q - select action Shift-Dir - straight line, f/p - gnoll bouda
Aim: a gnoll bouda, wielding a +0 whip and wearing a +0 robe (heavily wounded, 68% to hit)
You shoot an arrow. The arrow hits the gnoll bouda.
The gnoll bouda is severely wounded.
The gnoll bouda closely misses you. You furiously retaliate!
You headbutt the gnoll bouda, but do no damage.
The gnoll bouda hits you with a +0 whip!
* * * LOW HITPOINT WARNING * * *
Fire: a) +0 shortbow
Press: ? - help, Q - select action Shift-Dir - straight line, f/p - gnoll bouda
Aim: a gnoll bouda, wielding a +0 whip and wearing a +0 robe (severely wounded, 68% to hit)
You shoot an arrow.
The arrow barely misses the gnoll bouda.
The gnoll bouda hits you with a +0 whip!
You die...

+#...##....##......##..# #
.....##....##.######..###########
......#....#^.......#...........#
......'....##.#####.#.#########.#
.....##.....#.###............##.#
.....######.)...................#
.....# #...........#.######.####
###### #.#####.#####.######.# #
.########'### #g@.........##.# #
.#..........#########.###.##.# #
.#..........#...........#.##.# #
.#..........#.#######.#.#.##.# #
##..........#.#.†.....#.#.##.# #
#..........#.#.#######.#.##.# #
#..........#.#.........#.##.####
########'###.###########.##.....
#.# #.# #.#######


You could see a gnoll bouda.

Vanquished Creatures
  2 gnolls (D:2)
  An adder (D:2)
  2 worms (D:2)
  2 bats
  2 endoplasms
  3 giant cockroaches
  3 hobgoblins
  6 kobolds
  3 quokkas (D:2)
  A ball python (D:1)
  2 frilled lizards
  3 goblins
  5 rats
35 creatures vanquished.

Notes
Turn   | Place    | Note
-------+----------+-------------------------------------------
     0 | D:1      | safid the Minotaur Hunter began the quest for the Orb.
     0 | D:1      | Reached XP level 1. HP: 18/18 MP: 0/0
   351 | D:1      | Reached XP level 2. HP: 26/26 MP: 1/1
   460 | D:1      | Found a faded altar of an unknown god.
   953 | D:2      | Reached skill level 5 in Ranged Weapons
  1232 | D:2      | Reached XP level 3. HP: 31/31 MP: 2/2
  1700 | D:2      | Reached skill level 6 in Ranged Weapons
  1700 | D:2      | Reached XP level 4. HP: 36/38 MP: 3/3
  1706 | D:1      | Slain by a gnoll bouda

Illustrated notes

Levels and vault maps discovered:
D:1:      heliophobic_arrival_dark_side_of_the_moon, layout_basic,
          shapermc_ecumenical_altar_venn, minmay_cut_off
D:2:      layout_basic, kennysheep_generic_room_11

Skill      XL: |  1  2  3 |
---------------+----------+-----
Fighting       | 3 |  3.0
Ranged Weapons | 5 6 |  6.0
Dodging        | |  2.1
Stealth        | |  0.7

Action                   |  1- 3 |  4- 6 || total
-------------------------+-------+-------++-------
 Fire: Shortbow          |   132 |     5 ||   137
Armor: Ring mail         |     7 |       ||     7
       Scale mail        |    23 |       ||    23
Dodge: Dodged            |    51 |     1 ||    52
